 Dungeon Crawl Stone Soup version 0.27-a0-412-g8dd771eca2 (webtiles) character file.

Game seed: 14318451720847498461

58 ReteAZ the Insei (level 3, 0/27 HPs)
             Began as a Demigod Transmuter on Feb 24, 2021.
             Slain by a gnoll
             ... wielding a +0 club
              (3 damage)
             ... on level 1 of the Dungeon.
             The game lasted 00:02:27 (1831 turns).

ReteAZ the Insei (Demigod Transmuter)               Turns: 1831, Time: 00:02:27

Health: 0/27       AC:  4    Str: 11    XL:     3   Next: 51%
Magic:  9/9        EV: 12    Int: 15    God:
Gold:   120        SH:  0    Dex: 18    Spells: 5/6 levels left

rFire    . . .     SeeInvis .     - Unarmed
rCold    . . .     Faith    .   (no shield)
rNeg     . . .     Spirit   .   a - +0 robe
rPois    .         Reflect  .   k - +0 helmet
rElec    .         Harm     .   j - scarf {+Inv}
rCorr    +         Rampage  .   b - +0 pair of gloves
Will     .....                  (no boots)
Stlth    ++........             (no amulet)
HPRegen  0.09/turn              c - ring of resist corrosion
MPRegen  0.11/turn              (no ring)

@: no status effects
A: high mp 1
a: Evoke Invisibility


You were on level 1 of the Dungeon.
You visited 1 branch of the dungeon, and saw 2 of its levels.

You collected 120 gold pieces.

Inventory:

Armour
 a - a +0 robe (worn)
 b - a +0 pair of gloves (worn)
 j - a scarf of invisibility (worn)
 k - a +0 helmet (worn)
Jewellery
 c - a ring of resist corrosion (left hand)
Scrolls
 d - 3 scrolls of identify {unknown}
 f - a scroll of blinking {unknown}
Potions
 e - a potion of curing {unknown}
 g - a potion of lignification {unknown}
 h - a potion of ambrosia {unknown}
 i - a potion of attraction {unknown}


   Skills:
 - Level 0.8 Fighting
 - Level 1.7 Dodging
 * Level 3.4 Unarmed Combat
 + Level 2.2 Spellcasting
 * Level 2.7 Transmutations


You had 5 spell levels left.
You knew the following spells:

 Your Spells              Type           Power        Failure   Level
a - Beastly Appendage     Tmut           18%          7%          1

Your spell library contained the following spells:

 Spells                   Type           Power        Failure   Level
 Wereblood                Tmut           9%           11%         2
 Spider Form              Tmut/Pois      2%           36%         3
 Ice Form                 Ice/Tmut       5%           77%         4
 Blade Hands              Tmut           4%           89%         5


Dungeon Overview and Level Annotations

Branches:
Dungeon (2/15)


Innate Abilities, Weirdness & Mutations

You have an increased reservoir of magic. (+10% MP)


Message History

You continue putting on your glowing scarf. x4
You finish putting on your scarf of invisibility.
You become transparent for a moment.
Search for what [? for help]? armor
Okay, then.
Search for what [Enter for "armor", or ? for help]? elm You see here a rat corpse.
There is a stone staircase leading up here.
You climb upwards.
There is a stone staircase leading down here.
You see here 23 stones.
You see here a helmet.
k - a helmet You start putting on your armour.
You continue putting on your helmet. x4
You finish putting on your +0 helmet.
(D) Dungeon
Where to? (Enter - D:1 @ (x,y), ? - help)
There is a stone staircase leading down here.
You climb downwards.
A worm and 4 gnolls come into view.
The gnoll shouts! x3
The gnoll hits you.
The gnoll hits you from afar with a +0 halberd.
The gnoll closely misses you. The gnoll hits you with a +0 whip.
Found 14 gold pieces.
Found an escape hatch in the ceiling.
Found a stone staircase leading down.
There is a stone staircase leading up, spattered with blood here.
There are monsters nearby!
There are monsters nearby!
The gnoll hits you from afar with a +0 halberd!
* * * LOW HITPOINT WARNING * * *
The gnoll hits you but does no damage. The gnoll hits you with a +0 club.
* * * LOW HITPOINT WARNING * * *
The gnoll misses you.
You climb upwards.
There is a stone staircase leading down here.
You see here 14 arrows.
There is an escape hatch in the floor here.
The gnoll hits you with a +0 club.
You die...

............#....<....#..##
...####....#...........#..##
...# ##..#####.....#####..# ..##
##......#...#.......# ..##
###....#..#.#..#...#.# ...#
#...#..##.g#..######.## ...#
##.#....###g...# #..##
...###..#.##....g.#.#######..#
...##..##.###.#.@.#.......##.###
...##.##..# #.#.....#####......#
..###.#..####.#.###.# ##.....#
.####.#.###.....# #.# ##†...#
####....##..##.## #.# #....#
##....####.##...###.## #....#
....### ##.#..#..##..# #....#
.#.## ###...#.##.###.#### #....#
....###.......##..##....# #....#


You could see 3 gnolls.

Vanquished Creatures
  An adder (D:2)
  A worm (D:2)
  3 dart slugs (D:1)
  A leopard gecko (D:1)
  6 bats
  4 goblins (D:1)
  4 hobgoblins (D:1)
  2 jackals (D:1)
  7 kobolds (D:1)
  2 quokkas (D:2)
  A frilled lizard (D:1)
  6 rats
38 creatures vanquished.

Notes
Turn   | Place    | Note
-------+----------+-------------------------------------------
     0 | D:1      | ReteAZ the Demigod Transmuter began the quest for the Orb.
     0 | D:1      | Reached XP level 1. HP: 15/15 MP: 5/5
   240 | D:1      | Reached XP level 2. HP: 22/22 MP: 7/7
   246 | D:1      | Reached skill level 3 in Unarmed Combat
   842 | D:1      | Reached XP level 3. HP: 27/27 MP: 6/8
  1814 | D:2      | HP: 1/27 [gnoll/+0 club (3)]
  1831 | D:1      | Slain by a gnoll

Illustrated notes

Levels and vault maps discovered:
D:1:      scummos_arrival_star, layout_rooms, fountainhead, st_stairs_7
D:2:      minmay_wonky_spiral, layout_basic, xom_teletrap_fun

Skill      XL: |  1  2 |
---------------+-------+-----
Transmutations | 2 |  2.7
Unarmed Combat | 3 |  3.4
Spellcasting   | 2 |  2.2
Fighting       | |  0.8
Dodging        | |  1.7

Action                   || total
-------------------------++-------
Melee: Unarmed           ||   102
       Kick              ||    17
       Headbutt          ||    11
 Cast: Beastly Appendage ||    25
 Stab: Sleeping          ||     1
Armor: Robe              ||    26
Dodge: Dodged            ||    81

Table legend: (Time is in decaauts)
 A = Elapsed time spent in this place.
 B = Non-inter-level travel time spent in this place.
 C = Inter-level travel time spent in this place.
 D = Time resting spent in this place.
 E = Time spent auto-exploring this place.
 F = Levels seen in this place.
 G = Mean time per level.
                   A        B        C        D        E       F      G
               +--------+--------+--------+--------+--------+-----+--------+
         Total |   1826 |   1671 |    155 |    307 |   1038 |   2 |  913.0 |
       Dungeon |   1826 |   1671 |    155 |    307 |   1038 |   2 |  913.0 |
               +--------+--------+--------+--------+--------+-----+--------+

Top non-repeatable levels by time:
     D:1: 1356 daAuts
     D:2: 469 daAuts
